 Dungeon Crawl Stone Soup version 0.30-a0-509-gd016549fea (webtiles) character file.

Game seed: 16118083890642138724

588 xzight the Chopper (level 7, -9/56 (61) HPs)
             Began as a Hill Orc Fighter on Dec 22, 2022.
             Mangled by a wight
             ... wielding a +5 hand axe
              (10 damage)
             ... on level 7 of the Dungeon.
             The game lasted 00:04:38 (3730 turns).

xzight the Chopper (Hill Orc Fighter)               Turns: 3730, Time: 00:04:39

HP:   -9/56 (61)    AC:  7    Str: 21    XL:     7   Next: 38%
MP:   7/7           EV:  9    Int:  8    God:
Gold: 212           SH:  5    Dex: 10    Spells: 6/6 levels left

rFire   . . .      SeeInvis .    a - +0 war axe
rCold   . . .      Faith    .    c - +0 buckler
rNeg    . . .      Spirit   .    b - +0 scale mail
rPois   .          Reflect  .    (no helmet)
rElec   .          Harm     .    (no cloak)
rCorr   .          Rampage  .    (no gloves)
Will    .....                    (no boots)
Stlth   ..........               q - amulet of the acrobat
HPRegen 0.29/turn                (no ring)
MPRegen 0.10/turn                (no ring)

@: mighty, drained
A: no striking features
a: no special abilities


You were on level 7 of the Dungeon.
You visited 1 branch of the dungeon, and saw 6 of its levels.

You collected 212 gold pieces.


   Skills:
 + Level 5.4 Fighting
 * Level 6.9 Axes
 + Level 4.9 Armour
 + Level 4.9 Shields


You had 6 spell levels left.
You didn't know any spells.
Your spell library contained the following spells:

 Spells                   Type           Power      Damage    Failure   Level
 Tukima's Dance           Hex            0%         N/A       99%         3
 Passage of Golubria      Tloc           0%         N/A       100%        4
 Yara's Violent Unravell  Hex/Tmut       0%         3d3       100%        5

Inventory:

Hand Weapons
 a - a +0 war axe (weapon)
Armour
 b - a +0 scale mail (worn)
 c - a +0 buckler (worn)
Jewellery
 q - an amulet of the acrobat (around neck)
Scrolls
 f - 2 scrolls of teleportation {@r2}
 j - a scroll of amnesia {unknown}
 l - a scroll of poison {unknown}
 n - a scroll of immolation {unknown}
 p - a scroll of enchant weapon {unknown}
 s - 2 scrolls of torment {unknown}
 t - a scroll of noise {unknown}
 u - a scroll of enchant armour {unknown}
Potions
 d - 2 potions of might
 e - a potion of invisibility {unknown}
 g - 2 potions of mutation
 h - 5 potions of curing {@q1}
 i - 2 potions of lignification {unknown}
 k - a potion of flight {unknown}
 m - a potion of resistance {unknown}
 o - 2 potions of haste {unknown}
 r - a potion of heal wounds {@q2}

Dungeon Overview and Level Annotations

Branches:
Dungeon (5/15)
 Temple: D:4-7

Altars:
Dithmenos
Gozag
Vehumet
Wu Jian

# #'#.# #)):......
#.#..:. #z........
#.###.###.........
#...#.#..z..##+###
#..###....##
##.......##
##.......##
+.##.z#####.#
#...>.@z....#
########....#
#......# #......#
#......# #......#
###....# ######


You could see 2 wights.


Message History

You are too injured to fight recklessly!
You hit the wight but do no damage. x2; The wight hits you with a +5 hand axe!
* * * LOW HITPOINT WARNING * * *
You block the wight's attack.
You feel much better. The wight hits you with a +5 hand axe!
* * * LOW HITPOINT WARNING * * *
The wight hits you with a +2 flail.
* * * LOW HITPOINT WARNING * * *
You feel drained.
You feel very mighty all of a sudden. The wight hits you but does no damage.
The wight hits you with a +2 flail!
* * * LOW HITPOINT WARNING * * *
You feel drained.
* * * LOW HITPOINT WARNING * * *
You slash the wight!
The wight is severely damaged.
You slash the wight! The wight hits you with a +5 hand axe.
* * * LOW HITPOINT WARNING * * *
You block the wight's attack.
You slash the wight!
You destroy the wight!
You hit the wight. The wight barely misses you.
You slash the wight!
The wight is severely damaged.
You completely miss the wight. The wight hits you with a +0 scimitar!
* * * LOW HITPOINT WARNING * * *
You feel drained.
* * * LOW HITPOINT WARNING * * *
The wight hits you with a +5 hand axe!
You die...

Skill      XL: |  1  2  3  4  5  6 |
---------------+-------------------+-----
Axes           | 3 4 5 6 |  6.9
Fighting       | 4 5 |  5.4
Armour         | 4 |  4.9
Shields        | 4 |  4.9

Action                   |  1- 3 |  4- 6 |  7- 9 || total
-------------------------+-------+-------+-------++-------
Melee: War axe           |    94 |   192 |    18 ||   304
  Use: Scroll            |       |     5 |       ||     5
       Potion            |       |       |     2 ||     2
Armor: Scale mail        |    33 |    96 |     1 ||   130
Dodge: Dodged            |    44 |    99 |     9 ||   152
Block: Buckler           |    12 |    51 |     4 ||    67

Levels and vault maps discovered:
D:1:      nzn_arrival_depleted_hourglass, layout_basic
D:2:      layout_loops_ring, serial_co_window_serial, co_window_paths_b,
          co_window_paths_a, co_window_paths_a, co_window_paths_a,
          co_window_paths_b, co_window_corner_b, co_window_unsneaky_path_e,
          co_window_paths_c, co_window_of_opportunity_b,
          co_window_of_opportunity_b, co_window_unsneaky_path_d,
          co_window_4corner_a
D:3:      layout_basic, nicolae_wu_jian_wuxing_cycle, minmay_shallow_snake_nest
D:4:      layout_loops_ring, mainiacjoe_overflow_small_starburst,
          grunt_gozag_breadcrumbs
D:5:      layout_gridville, tso_metal_star, grunt_ashenzari_visionary
          [grunt_ashenzari_visionary_shoals, grunt_ashenzari_visionary_spider],
          mainiacjoe_overflow_24_doors, ebering_ghost_rock_garden, uniq_sigmund
D:7:      due_chaos_kobolds, layout_basic, kennysheep_okawaru_gauntlet,
          minmay_a_box_with_orc_wizards_in_it, uniq_prince_ribbit1

Notes
Turn   | Place    | Note
-------+----------+-------------------------------------------
     0 | D:1      | xzight the Hill Orc Fighter began the quest for the Orb.
     0 | D:1      | Reached XP level 1. HP: 19/19 MP: 1/1
    79 | D:1      | Reached skill level 3 in Axes
   101 | D:1      | Reached XP level 2. HP: 27/27 MP: 2/2
   618 | D:2      | Reached XP level 3. HP: 33/33 MP: 3/3
   758 | D:2      | Reached skill level 4 in Fighting
  1215 | D:2      | Reached skill level 4 in Axes
  1265 | D:2      | Reached XP level 4. HP: 37/40 MP: 4/4
  1804 | D:3      | Found an ornate altar of the Wu Jian Council.
  1918 | D:3      | Reached skill level 4 in Armour
  1925 | D:3      | Reached skill level 4 in Shields
  1925 | D:3      | Reached XP level 5. HP: 39/47 MP: 5/5
  2037 | D:3      | Reached skill level 5 in Axes
  2470 | D:4      | Found a radiant altar of Vehumet.
  2789 | D:4      | Reached XP level 6. HP: 53/53 MP: 6/6
  3225 | D:4      | Found an opulent altar of Gozag.
  3274 | D:5      | Entered Level 5 of the Dungeon
  3289 | D:5      | Reached skill level 5 in Fighting
  3290 | D:5      | Reached skill level 6 in Axes
  3459 | D:5      | Reached XP level 7. HP: 54/61 MP: 7/7
  3518 | D:5      | Found a shadowy altar of Dithmenos.
  3519 | D:5      | You fall into a shaft and drop 2 floors!
  3730 | D:7      | HP: 4/58 [wight/+0 scimitar (9)]
  3730 | D:7      | HP: 1/56 [wight/+0 scimitar (3)]
  3730 | D:7      | Mangled by a wight

Vanquished Creatures
  A phantom (D:5)
  3 wights (D:7)
  A jelly (D:4)
  3 hounds
  An orc priest (D:3)
  An iguana (D:4)
  8 adders
  A shadow imp (D:5)
  A white imp (D:5)
  2 worms (D:2)
  3 dart slugs
  5 orcs
  7 bats
  4 endoplasms
  A giant cockroach (D:2)
  6 goblins
  5 hobgoblins
  4 jackals (D:4)
  12 kobolds
  4 quokkas
  13 ball pythons
  4 frilled lizards
  6 rats
96 creatures vanquished.

Vanquished Creatures (others)
  A plant (D:3)
1 creature vanquished.

Grand Total: 97 creatures vanquished

Table legend: (Time is in decaauts)
 A = Elapsed time spent in this place.
 B = Non-inter-level travel time spent in this place.
 C = Inter-level travel time spent in this place.
 D = Time resting spent in this place.
 E = Time spent auto-exploring this place.
 F = Levels seen in this place.
 G = Mean time per level.
                   A        B        C        D        E       F      G
               +--------+--------+--------+--------+--------+-----+--------+
         Total |   3823 |   3712 |    111 |    664 |   2316 |   6 |  637.2 |
       Dungeon |   3823 |   3712 |    111 |    664 |   2316 |   6 |  637.2 |
               +--------+--------+--------+--------+--------+-----+--------+

Top non-repeatable levels by time:
     D:2: 1215 daAuts
     D:4: 983 daAuts
     D:1: 606 daAuts
     D:3: 552 daAuts
     D:5: 252 daAuts
     D:7: 214 daAuts

Table legend:
 A = Non-vault XP
 B = Vault XP
 C = Vault XP percentage of total XP
 D = Non-vault monster count
 E = Vault monster count
 F = Vault count percentage of total count
                 A         B        C        D         E       F
            +---------+---------+-------+---------+---------+-------
      Total |     820 |      20 |   2.4 |      91 |       5 |   5.2
            +---------+---------+-------+---------+---------+-------
        D:1 |      26 |       0 |   0.0 |      17 |       0 |   0.0
        D:2 |      84 |       0 |   0.0 |      26 |       0 |   0.0
        D:3 |      84 |      20 |  19.2 |      17 |       5 |  22.7
        D:4 |     193 |       0 |   0.0 |      22 |       0 |   0.0
        D:5 |     213 |       0 |   0.0 |       6 |       0 |   0.0
        D:7 |     220 |       0 |   0.0 |       3 |       0 |   0.0
            +---------+---------+-------+---------+---------+-------
